[Event "Team 45 45 League T42"]
[Site "Internet Chess Club"]
[Date "2009.08.16"]
[Round "3"]
[White "Kravier"]
[Black "rubo"]
[Result "1/2-1/2"]
[WhiteElo "1690"]
[BlackElo "1692"]
[Opening "English: symmetrical, Benoni formation"]
[ECO "A31"]
[Time "23:17:09"]
[TimeControl "2700+45"]

1. d4 Nf6 2. c4 c5 3. Nf3 g6 4. Nc3 cxd4 5. Nxd4 Bg7 6. Bf4 d6 7. Ndb5 O-O 8. e3
Nc6 9. Be2 a6 10. Na3 Bd7 11. O-O Rc8 12. Nc2 Qb6 13. b3 Nb4 14. e4 Nxc2 15.
Qxc2 Bc6 16. Be3 Qc7 17. Rad1 b5 18. Nd5 Bxd5 19. exd5 Qb7 20. Qd3 bxc4 21. bxc4
Nd7 22. Rb1 Qa8 23. Rfc1 Nc5 24. Qa3 Rc7 25. Rb6 a5 26. Rb5 Nb7 27. Bb6 Rd7 28.
Bxa5 Nc5 29. Bf3 Ra7 30. Rcb1 Nb7 31. Rxb7 Rxa5 32. Qe3 Bf6 33. g4 Rxa2 34. g5
Be5 35. Rxe7 Rb8 36. Rxb8+ Qxb8 37. c5 Qb2 38. cxd6 Bd4 39. Qe2 Qb1+ 40. Qf1 Qf5
41. Be4 Qxg5+ 42. Kh1 Ra1 43. Bb1 Qxd5+ 44. Kg1 Qg5+ 45. Kh1 Qd5+ 46. Kg1 Qxd6
47. Re1 Qb6 48. Rd1 Qb2 49. Bc2 Qxc2 50. Rxa1 Qe4 51. Re1 Qg4+ 52. Qg2 Qc8 53.
Qe4 Bf6 54. Qe8+ Qxe8 55. Rxe8+ Kg7 56. Kg2 Bg5 57. Kg3 f5 58. f4 Bf6 59. Ra8 h5
60. Ra7+ Kf8 61. Kf3 Bd4 62. Rb7 Bg1 63. Kg3 Be3 64. Rd7 h4+ 65. Kf3 Bg1 66. h3
Bh2 67. Ra7 Kg8 68. Rb7 Bg3 69. Ke3 Bh2 70. Kf3 Bg3 71. Rb2 Kg7 {Game drawn by
mutual agreement} 1/2-1/2

[Event "Team 45 45 League T42"]
[Site "Internet Chess Club"]
[Date "2009.08.17"]
[Round "3"]
[White "nas3"]
[Black "cocou"]
[Result "1-0"]
[WhiteElo "1767"]
[BlackElo "1624"]
[Opening "Philidor: Improved Hanham variation"]
[ECO "C41"]
[Time "12:01:51"]
[TimeControl "2700+45"]

1. e4 e5 2. Nf3 d6 3. d4 Nf6 4. Nc3 Nbd7 5. Bc4 Be7 6. Be3 O-O 7. Qe2 c6 8. O-O
Qc7 9. Bb3 b5 10. a3 Bb7 11. Rad1 a5 12. d5 cxd5 13. Nxb5 Ba6 14. Nxc7 Bxe2 15.
Nxa8 Rxa8 16. exd5 Rc8 17. Rfe1 Bxd1 18. Rxd1 Bd8 19. c4 Rb8 20. Nd2 Ng4 21. Rb1
Nxe3 22. fxe3 Nc5 23. Bc2 Bg5 24. Kf2 g6 25. b4 axb4 26. axb4 Nd7 27. Ne4 Be7
28. c5 dxc5 29. d6 f5 30. Nxc5 Nxc5 31. bxc5 Rxb1 32. Bxb1 Bd8 33. c6 Kf7 34. c7
{Black resigns} 1-0

[Event "Team 45 45 League T42"]
[Site "Internet Chess Club"]
[Date "2009.08.16"]
[Round "3"]
[White "jacknor"]
[Black "Electryon"]
[Result "1/2-1/2"]
[WhiteElo "1612"]
[BlackElo "1371"]
[Opening "King's pawn opening"]
[ECO "B07"]
[Time "19:10:00"]
[TimeControl "2700+45"]

1. e4 d6 2. d3 e5 3. h3 Nf6 4. Bg5 Be7 5. Nf3 Nc6 6. Nc3 Be6 7. Qd2 Qd7 8. Be2
d5 9. Bxf6 Bxf6 10. exd5 Bxd5 11. Nxd5 Qxd5 12. Qe3 O-O-O 13. O-O Rhe8 14. Qe4
g6 15. a3 Nd4 16. Nxd4 exd4 17. Qxd5 Rxd5 18. Bf3 Rc5 19. Bd1 Bg7 20. f4 f5 21.
Kf2 Bh6 22. g3 g5 23. fxg5 Bxg5 24. Re1 Be3+ 25. Kf3 Rf8 26. c3 Rb5 27. Rb1 h5
28. cxd4 Bxd4 29. b3 Re5 30. Rxe5 Bxe5 31. Bc2 h4 32. gxh4 Rh8 33. Re1 Bd6 34.
b4 Rxh4 35. Kg2 f4 36. Bd1 Kd7 37. Bf3 c6 38. Re4 Rh7 39. Bg4+ Kc7 40. Kf3 Kb6
41. Re6 Bc7 42. a4 a5 43. b5 Rh8 44. bxc6 bxc6 45. Bf5 Rd8 46. Be4 Rd6 47. Rxd6
Bxd6 48. h4 Kc5 49. h5 Be5 50. h6 Kd4 51. Bxc6 Kxd3 52. h7 Bh8 53. Kxf4 Kd4 54.
Kf5 Kc5 55. Bb5 Kd6 56. Kg6 Ke7 57. Bc4 Kf8 58. Bd5 Ke7 59. Bc6 Kf8 60. Be4 Ke7
61. Kf5 Kf8 62. Ke6 Bc3 63. Kd7 Kg7 64. Ke7 Bb4+ 65. Ke8 Kh8 66. Kf7 {Game drawn
by mutual agreement} 1/2-1/2

[Event "Team 45 45 League T42"]
[Site "Internet Chess Club"]
[Date "2009.08.16"]
[Round "3"]
[White "Ickabod"]
[Black "fileman"]
[Result "1-0"]
[WhiteElo "1861"]
[BlackElo "1838"]
[Opening "KP: Nimzovich defense"]
[ECO "B00"]
[Time "15:03:49"]
[TimeControl "2700+45"]

1. e4 Nc6 2. d4 e5 3. c3 exd4 4. cxd4 Bb4+ 5. Nc3 Qe7 6. f3 d5 7. Qd3 dxe4 8.
fxe4 f5 9. e5 Qh4+ 10. g3 Qxd4 11. Qxd4 Nxd4 12. Bd3 Be6 13. Be3 Nc6 14. Nf3
Nge7 15. O-O O-O 16. a3 Bxc3 17. bxc3 Nd5 18. Bc5 Rfe8 19. Rac1 h6 20. Bb5 a6
21. Bxc6 bxc6 22. Nd4 Ne3 23. Nxe6 Nxf1 24. Nxc7 Nd2 25. Bd6 Rac8 26. Nxe8 Rxe8
27. Rd1 Nf3+ 28. Kg2 Ng5 29. c4 Ne4 30. Kf3 Kf7 31. Rd3 Rd8 32. Ke2 c5 33. Ke3
Ke6 34. Rd5 g5 35. g4 Nxd6 36. exd6 f4+ 37. Ke4 Rxd6 38. Rxc5 Kf6 39. Rf5+ Kg6
40. h4 Re6+ 41. Kd5 Re3 42. h5+ Kg7 43. c5 Rxa3 44. c6 Rd3+ 45. Kc5 Rc3+ 46. Kb6
Rb3+ 47. Kxa6 Rc3 48. Kb6 Rb3+ 49. Kc7 f3 50. Kc8 Rc3 51. c7 Kg8 52. Kd7 Rd3+
53. Ke6 Rc3 54. Kd6 Kg7 55. Rxf3 {Black resigns} 1-0

[Event "Team 45 45 League T42"]
[Site "Internet Chess Club"]
[Date "2009.08.15"]
[Round "3"]
[White "LoseOften"]
[Black "j65536d"]
[Result "1-0"]
[WhiteElo "1861"]
[BlackElo "1834"]
[Opening "Sicilian: dragon, Yugoslav attack, Rauser variation"]
[ECO "B76"]
[Time "14:02:23"]
[TimeControl "2700+45"]

1. e4 c5 2. Nf3 d6 3. d4 cxd4 4. Nxd4 Nf6 5. Nc3 g6 6. Be3 Bg7 7. f3 Nc6 8. Qd2
O-O 9. O-O-O Nxd4 10. Bxd4 Be6 11. Kb1 a6 12. h4 b5 13. h5 Nxh5 14. Bxg7 Kxg7
15. g4 Nf6 16. Qh6+ Kg8 17. e5 dxe5 18. Rxd8 Rfxd8 19. Bd3 b4 20. Ne4 a5 21. g5
Nh5 22. Rxh5 gxh5 23. Nf6+ exf6 24. gxf6 {Black resigns} 1-0

[Event "Team 45 45 League T42"]
[Site "Internet Chess Club"]
[Date "2009.08.14"]
[Round "3"]
[White "Kurukshetra"]
[Black "shijith"]
[Result "0-1"]
[WhiteElo "1715"]
[BlackElo "1767"]
[Opening "French: MacCutcheon, Lasker variation, 8...g6"]
[ECO "C12"]
[Time "23:34:10"]
[TimeControl "2700+45"]

1. e4 e6 2. d4 d5 3. Nc3 Nf6 4. Bg5 Bb4 5. e5 h6 6. Bd2 Bxc3 7. bxc3 Ne4 8. Qg4
g6 9. Bd3 Nxd2 10. Kxd2 c5 11. Nf3 c4 12. Be2 Nc6 13. h4 Qa5 14. Qf4 Qd8 15. g4
Bd7 16. Ng5 hxg5 17. hxg5 Rf8 18. Rh7 Qe7 19. a4 O-O-O 20. a5 Kc7 21. Bf3 Bc8
22. Bg2 Rde8 23. Qe3 Rh8 24. Rah1 Rxh7 25. Rxh7 Nxa5 26. f4 Rf8 27. f5 exf5 28.
Bxd5 Be6 29. gxf5 Bxd5 30. fxg6 Qe6 31. g7 Rg8 32. Qf4 Nc6 33. Rh6 Qe7 34. Qf6
Qd7 35. Rh8 Ne7 36. Rh7 a5 37. Rh1 Bxh1 {White resigns} 0-1

[Event "Team 45 45 League T42"]
[Site "Internet Chess Club"]
[Date "2009.08.17"]
[Round "3"]
[White "predkoo"]
[Black "clarinetref"]
[Result "1-0"]
[WhiteElo "1671"]
[BlackElo "1691"]
[Opening "Bird's opening"]
[ECO "A02"]
[Time "22:09:11"]
[TimeControl "2700+45"]

1. f4 d6 2. Nf3 g6 3. e3 Bg7 4. d4 Nd7 5. Be2 e5 6. O-O exf4 7. exf4 Ne7 8. c3
O-O 9. Nbd2 Nf5 10. Ne4 Nf6 11. Bd3 Re8 12. Nxf6+ Bxf6 13. Re1 Be6 14. Ng5 h6
15. Nxe6 fxe6 16. Qg4 Kf7 17. Bd2 h5 18. Qd1 Rh8 19. Qb3 Qc8 20. Rxe6 d5 21.
Rae1 Bxd4+ 22. cxd4 Nxd4 23. Re7+ Kf8 24. Qxd5 Rh7 25. Rxh7 {Black resigns} 1-0

[Event "Team 45 45 League T42"]
[Site "Internet Chess Club"]
[Date "2009.08.16"]
[Round "3"]
[White "Wheels"]
[Black "SneakyRed"]
[Result "1-0"]
[WhiteElo "1996"]
[BlackElo "1874"]
[Opening "Caro-Kann: Tartakower (fantasy) variation"]
[ECO "B12"]
[Time "15:02:20"]
[TimeControl "2700+45"]

1. e4 c6 2. d4 d5 3. f3 dxe4 4. fxe4 Nf6 5. Nc3 e5 6. Nf3 exd4 7. Qxd4 Qxd4 8.
Nxd4 Bc5 9. Nb3 Bb6 10. Bf4 Be6 11. Bd3 O-O 12. Na4 Nbd7 13. Nxb6 axb6 14. O-O
Nc5 15. Nxc5 bxc5 16. Bd6 Rfe8 17. Bxc5 Rxa2 18. Rxa2 Bxa2 19. b3 Nxe4 20. Bxe4
Rxe4 21. Ra1 h6 22. Rxa2 b5 23. Kf2 Kh7 24. Ra7 Kg6 25. Rd7 Re5 26. Rd6+ Re6 27.
Rxe6+ fxe6 28. Bd4 Kf7 29. Kf3 h5 30. Kf4 {Black resigns} 1-0

[Event "Team 45 45 League T42"]
[Site "Internet Chess Club"]
[Date "2009.08.16"]
[Round "3"]
[White "Giacometti"]
[Black "mfeatherston"]
[Result "1/2-1/2"]
[WhiteElo "1768"]
[BlackElo "1891"]
[Opening "Bird's opening"]
[ECO "A02"]
[Time "13:00:24"]
[TimeControl "2700+45"]

1. f4 g6 2. e4 c5 3. Ne2 Bg7 4. Ng3 Nc6 5. Be2 d6 6. c3 h5 7. h4 Nf6 8. d3 Bg4
9. Nd2 d5 10. e5 Bxe2 11. Qxe2 Ng4 12. Nf3 Qd7 13. Bd2 e6 14. d4 c4 15. Ng5 O-O
16. O-O Ne7 17. Nh1 Nf5 18. g3 Rae8 19. Kg2 f6 20. exf6 Nxf6 21. Nf2 Qc6 22. Nf3
Nd7 23. Ne5 Nxe5 24. fxe5 Qd7 25. Nh3 Kh7 {Game drawn by mutual agreement}
1/2-1/2

[Event "Team 45 45 League T42"]
[Site "Internet Chess Club"]
[Date "2009.08.16"]
[Round "3"]
[White "Philly-Boy"]
[Black "bondguy01"]
[Result "1-0"]
[WhiteElo "1852"]
[BlackElo "1707"]
[Opening "Dutch: Staunton gambit deferred"]
[ECO "A40"]
[Time "19:04:31"]
[TimeControl "2700+45"]

1. d4 e6 2. c4 f5 3. e4 fxe4 4. Nc3 Nf6 5. Bg5 Bb4 6. f3 O-O 7. fxe4 Qe8 8. e5
Ne4 9. Bd2 Nxd2 10. Qxd2 Rxf1+ 11. Kxf1 Qf7+ 12. Nf3 d6 13. Kg1 Nc6 14. Rf1 Qg6
15. h4 Bd7 16. h5 Qe8 17. Qg5 dxe5 18. dxe5 Bc5+ 19. Kh2 Be7 20. Qg4 Nd8 21. Ne4
Kh8 22. h6 g6 23. Nf6 Bxf6 24. exf6 e5 25. Qg3 Qf8 26. Nxe5 Qxh6+ 27. Kg1 {Black
resigns} 1-0

[Event "Team 45 45 League T42"]
[Site "Internet Chess Club"]
[Date "2009.08.16"]
[Round "3"]
[White "Lionskins"]
[Black "BrerRabbit"]
[Result "0-1"]
[WhiteElo "1537"]
[BlackElo "1570"]
[Opening "English opening"]
[ECO "A05"]
[Time "19:02:29"]
[TimeControl "2700+45"]

1. Nf3 Nf6 2. c4 g6 3. b4 Bg7 4. Bb2 O-O 5. h3 d6 6. g4 e5 7. Nc3 b6 8. Rg1 Bb7
9. e3 Nc6 10. a3 a5 11. b5 Nb8 12. Qc2 Bxf3 13. Bg2 Bxg2 14. Rxg2 Nbd7 15. g5
Ne8 16. Ke2 Bh8 17. Rh1 Ng7 18. h4 Nh5 19. Ne4 Bg7 20. Qc3 f5 21. gxf6 Ndxf6 22.
Ng5 Qe7 23. a4 Qd7 24. Qb3 Kh8 25. Rhg1 Qf5 26. Qd3 Qxd3+ 27. Kxd3 Rac8 28. Ne6
Rf7 29. Nxg7 Nxg7 30. e4 Nfh5 31. Ke3 Rcf8 32. Rh2 Ne6 33. Bc3 Rf3+ 34. Ke2 Nc5
35. Ra1 Nxe4 36. Rc1 Nxc3+ 37. Rxc3 Rxc3 38. dxc3 Rf4 39. Kd3 Nf6 {White
resigns} 0-1

[Event "Team 45 45 League T42"]
[Site "Internet Chess Club"]
[Date "2009.08.17"]
[Round "3"]
[White "koni"]
[Black "chsrules88"]
[Result "1/2-1/2"]
[WhiteElo "1977"]
[BlackElo "2045"]
[Opening "Queen's pawn game, Chigorin variation"]
[ECO "A04"]
[Time "13:02:03"]
[TimeControl "2700+45"]

1. Nf3 Nc6 2. d4 d5 3. c4 Bg4 4. Nc3 e6 5. Bf4 dxc4 6. e3 Bd6 7. Bg3 Nf6 8. Bxc4
O-O 9. Be2 Re8 10. O-O Bxg3 11. hxg3 a6 12. a3 Qd6 13. Qc2 e5 14. dxe5 Nxe5 15.
Nxe5 Qxe5 16. Rfd1 Rad8 17. Rxd8 Rxd8 18. Rd1 Rxd1+ 19. Qxd1 Bd7 20. Bf3 b5 21.
Qd2 g5 22. Nd5 Ne8 23. Nb4 Qe6 24. Nxa6 Bc8 25. Nb4 Nd6 26. Qd5 Qf6 {Game drawn
by mutual agreement} 1/2-1/2

[Event "Team 45 45 League T42"]
[Site "Internet Chess Club"]
[Date "2009.08.16"]
[Round "3"]
[White "RingLord"]
[Black "IceBox"]
[Result "0-1"]
[WhiteElo "1711"]
[BlackElo "1793"]
[Opening "Pirc: Austrian attack"]
[ECO "B09"]
[Time "17:00:07"]
[TimeControl "2700+45"]

1. e4 d6 2. d4 Nf6 3. Nc3 g6 4. f4 Bg7 5. Nf3 O-O 6. Qe2 c5 7. e5 Ne8 8. dxc5
dxe5 9. Nxe5 Nc6 10. Bd2 Nd4 11. Qd3 Bf5 12. Ne4 Nf6 13. c3 Nc2+ 14. Qxc2 Bxe4
15. Bd3 Bxg2 16. Rg1 Bc6 17. O-O-O Qa5 18. b4 Qa3+ 19. Qb2 Qxb2+ 20. Kxb2 Be4
21. Rge1 Bxd3 22. Nxd3 e6 23. Ne5 Rfd8 24. Be3 Nd5 25. Bc1 Kf8 26. Rd3 Nf6 27.
Red1 Rxd3 28. Rxd3 Ke8 29. Kb3 Nd5 30. c4 Bxe5 31. fxe5 Ne7 32. Bg5 Nc6 33. Bf6
Ne7 34. b5 Rc8 35. Kb4 Ng8 36. Bg5 Ne7 37. Rh3 h5 38. Rd3 Rc7 39. Rd6 Rd7 40. a4
Nf5 41. Rxd7 Kxd7 42. a5 a6 43. Bf6 Nd4 44. Kc3 Nf5 45. Kd3 Nh6 46. Ke4 Ng4 47.
Bh4 Nxh2 48. Bg3 Ng4 49. Kd4 Nh6 50. c6+ bxc6 51. Kc5 cxb5 52. cxb5 axb5 53.
Kxb5 Kc7 54. Ka6 Nf5 55. Bf2 h4 56. Ka7 h3 57. Bb6+ Kc8 58. Bg1 g5 59. a6 g4 60.
Ka8 g3 61. a7 Ne7 62. Bh2 Nd5 63. Bg1 Nc7# {White checkmated} 0-1

[Event "Team 45 45 League T42"]
[Site "Internet Chess Club"]
[Date "2009.08.16"]
[Round "3"]
[White "chipionero"]
[Black "Bookkeeper"]
[Result "1/2-1/2"]
[WhiteElo "1687"]
[BlackElo "1673"]
[Opening "QGD Slav: 4.e3 Bf5"]
[ECO "D12"]
[Time "15:00:29"]
[TimeControl "2700+45"]

1. Nf3 c6 2. d4 d5 3. c4 Bf5 4. e3 Nf6 5. Nc3 e6 6. cxd5 cxd5 7. Bb5+ Nc6 8. Ne5
Rc8 9. Qa4 Qb6 10. Bd3 Bxd3 11. Nxd3 Bd6 12. O-O O-O 13. Qb5 Qxb5 14. Nxb5 Be7
15. Bd2 Ne4 16. Be1 a6 17. Nc3 Nxc3 18. Bxc3 h6 19. Rac1 a5 20. a3 b5 21. Bd2 b4
22. axb4 Nxb4 23. Nxb4 axb4 24. b3 Rxc1 25. Rxc1 Ra8 26. Be1 Kf8 27. Kf1 Ke8 28.
Rc2 Kd7 29. Ke2 Ra3 30. Rb2 Kc6 31. Kd3 Kb5 32. Kc2 Ra1 33. Rb1 Ra2+ 34. Rb2 Ra1
35. Rb1 {Game drawn by mutual agreement} 1/2-1/2